 Dungeon Crawl Stone Soup version 0.31-a0-149-g3fdcc5976a (webtiles) character file.

Game seed: 17876259118349356370

17933 qw the Marksminotaur (level 12, -4/110 HPs)
             Began as a Minotaur Hunter on June 7, 2023.
             Was an Elder of Okawaru.
             Slain by a death yak (10 damage)
             ... on level 3 of the Lair of Beasts.
             The game lasted 00:05:12 (11518 turns).

qw the Marksminotaur (Minotaur Hunter)             Turns: 11518, Time: 00:05:13

Health: -4/110     AC: 11    Str: 17    XL:     12   Next: 23%
Magic:  15/15      EV: 25    Int:  6    God:    Okawaru [****..]
Gold:   1322       SH:  0    Dex: 18    Spells: 11/11 levels left

rFire   . . .        Y - +0 orcbow
rCold   . . .        (shield currently unavailable)
rNeg    . . .        r - +0 troll leather armour
rPois   .            (helmet restricted)
rElec   .            (no cloak)
rCorr   .            f - +2 pair of gloves
SInv    .            g - +1 pair of boots
Will    +....        p - amulet of faith
Stlth   +++          d - ring of willpower
HPRegen 1.18/turn    h - +5 ring of evasion
MPRegen 0.14/turn

%: faith
@: lethally poisoned (-4 -> -5), about to teleport, heroic
A: horns 2, retaliatory headbutt
a: Renounce Religion, Heroism, Finesse


You were on level 3 of the Lair of Beasts.
You worshipped Okawaru.
Okawaru was greatly pleased with you.
You visited 3 branches of the dungeon, and saw 14 of its levels.

You collected 1544 gold pieces.
You spent 222 gold pieces at shops.


Innate Abilities, Weirdness & Mutations

You have a pair of horns on your head.
You reflexively headbutt those who attack you in melee.


   Skills:
 + Level 11.6(16.6) Fighting
 - Level 16.0(21.0) Ranged Weapons
 - Level 5.1(10.1) Armour
 - Level 9.0(14.0) Dodging
 - Level 0.7(5.7) Stealth
 + Level 5.7 Invocations


You had 11 spell levels left.
You didn't know any spells.
Your spell library was empty.

Inventory:

Hand Weapons
 Y - a +0 orcbow (weapon)
Armour
 f - a +2 pair of gloves (worn)
 g - a +1 pair of boots (worn)
 r - a +0 troll leather armour (worn)
Jewellery
 d - a ring of willpower (left hand)
 h - a +5 ring of evasion (right hand)
 p - an amulet of faith (around neck)
 q - a ring of positive energy
Scrolls
 a - 3 scrolls of identify
 n - 5 scrolls of teleportation
Potions
 b - 4 potions of might
 c - a potion of mutation
 e - a potion of haste
 j - a potion of curing
 l - a potion of resistance
 m - a potion of magic

Dungeon Overview and Level Annotations

Branches:
Dungeon (10/15)            Temple (1/1) D:4            Lair (3/5) D:10
  Swamp (0/4) Lair:3          Orc (0/2) D:10
  Snake: Lair:2-3    Spider: Lair:2-3

Altars:
Ashenzari
Cheibriados
Dithmenos
Elyvilon
Fedhas
Gozag
Hepliaklqana
Kikubaaqudgha
Makhleb
Nemelex Xobeh
Okawaru
Qazlal
Ru
Sif Muna
Trog
Uskayaw
Vehumet
Wu Jian
Xom
Yredelemnul
Zin
The Shining One

Shops:
D:8 ?   D:9 :

Annotations:
D:4 1 runed translucent door, Crazy Yiuf


Message History

The death yak gores you but does no damage.
The death yak misses you. The death yak barely misses you.
You shoot an arrow.
The arrow hits the death yak but does no damage.
The death yak is moderately wounded.
The water moccasin completely misses you.
You furiously retaliate!
You headbutt the water moccasin. You shoot an arrow.
The arrow hits the death yak.
The death yak is moderately wounded.
You feel sick. The water moccasin bites you.
You are more poisoned.
The water moccasin poisons you! The death yak completely misses you.
You furiously retaliate!
You headbutt the death yak! The death yak closely misses you.
The death yak gores you!
You shoot an arrow. The arrow barely misses the death yak.
You feel sick.
The water moccasin completely misses you.
You furiously retaliate!
You headbutt the water moccasin.
The death yak gores you but does no damage.
The death yak misses you. You furiously retaliate!
You headbutt the death yak! The death yak gores you!
You shoot an arrow. The arrow hits the death yak.
The death yak is severely wounded.
You feel sick.
The water moccasin bites you but does no damage.
You shoot an arrow. The arrow hits the death yak!
The death yak is severely wounded.
You feel sick. The death yak gores you! The death yak misses you.
You furiously retaliate!
You headbutt the death yak, but do no damage.
The death yak gores you!
11517 ||| READING 6 scrolls of teleportation.
As you read the scroll of teleportation, it crumbles to dust.
You feel strangely unstable.
You feel sick. The death yak gores you!
The death yak gores you but does no damage.
The death yak gores you.
You shoot an arrow. The arrow barely misses the death yak.
You feel sick. The death yak gores you!
You die...

.?.............
...........P...
...............
#^..................=...
........... .....P...P#
.......... #.SY...¤..#
.......P# #YYY7¤7¤¤#
.......# ####Y@~¤¤¤¤¤.
......(#####.##..~¤>¤¤¤.
.......P##..##...~7¤7¤..
..................¤¤~.¤.
.##..#.##.###.#.....¤..#
#####.##### ###....#####
### ##.### .## #


You could see 5 death yaks and a water moccasin.

Vanquished Creatures
  A hydra (Lair:2)
  2 two-headed ogres (D:10)
  A death yak (Lair:3)
  Amaemon (Lair:2)
  A deep troll (Lair:1)
  2 bog bodies (Lair:3)
  An oklob plant (D:10)
  A black mamba (Lair:1)
  A torpor snail (Lair:2)
  An orange demon (Lair:2)
  5 cane toads
  4 komodo dragons
  2 burning bushes (Lair:1)
  2 trolls (D:10)
  2 hornets (D:8)
  5 blink frogs (Lair:3)
  4 dream sheep (Lair:2)
  A wyvern (D:7)
  A shadow (D:7)
  3 steam dragons
  2 basilisks
  5 yaks (Lair:2)
  A wraith (D:10)
  An acid dragon (D:10)
  10 water moccasins
  4 black bears
  2 orc warriors
  2 ice beasts (D:5)
  2 sky beasts (D:7)
  An ogre (D:5)
  3 centaurs
  A phantom (D:3)
  3 kobold brigands
  9 bullfrogs
  A gnoll sergeant (D:9)
  2 scorpions
  4 killer bees (D:8)
  8 howler monkeys
  A lava snake (D:7)
  5 hounds
  4 jellies
  2 orc priests
  2 sleepcaps
  7 iguanas
  8 orc wizards
  Robin (D:4)
  7 adders
  15 gnolls
  2 shadow imps
  2 white imps
  4 ufetubi
  3 dart slugs
  12 orcs
  2 endoplasms
  4 giant cockroaches
  16 goblins
  10 hobgoblins
  10 jackals
  3 quokkas (D:1)
  9 ball pythons
  5 frilled lizards
  18 kobolds
  11 rats
265 creatures vanquished.

Vanquished Creatures (others)
  A jackal (D:5)
1 creature vanquished.

Grand Total: 266 creatures vanquished

Notes
Turn   | Place    | Note
-------+----------+-------------------------------------------
     0 | D:1      | qw the Minotaur Hunter began the quest for the Orb.
     0 | D:1      | Reached XP level 1. HP: 18/18 MP: 0/0
     0 | D:1      | 0 ||| qw: Version: 0.2-a-117-gc6b5c8b
     0 | D:1      | 0 ||| qw: Game counter: 2627
     0 | D:1      | 0 ||| qw: Always use a shield: true
     0 | D:1      | 0 ||| qw: God list: Okawaru
     0 | D:1      | 0 ||| qw: Allow faded altars: false
     0 | D:1      | 0 ||| qw: Do Orc after D:15 true
     0 | D:1      | 0 ||| qw: Do second Lair branch before Depths: true
     0 | D:1      | 0 ||| qw: Lair rune preference: random
     0 | D:1      | 0 ||| qw: Plans: Normal
     0 | D:1      | 0 ||| PLANNING D:1-11
    36 | D:1      | Reached XP level 2. HP: 12/25 MP: 1/1
    40 | D:1      | Reached skill level 5 in Ranged Weapons
   188 | D:1      | Reached skill level 3 in Fighting
   400 | D:1      | Reached XP level 3. HP: 28/31 MP: 2/2
   447 | D:1      | Found a faded altar of an unknown god.
   567 | D:1      | 567 ||| UPGRADING to +0 pair of gloves.
   572 | D:1      | 572 ||| UPGRADING to +0 pair of boots.
   577 | D:1      | 577 ||| READING 2 scrolls labelled POLAOGH IRYMP.
   578 | D:1      | 578 ||| READING scroll labelled YSE WURIDUXTEORR.
   579 | D:1      | 579 ||| READING 2 scrolls labelled KIELAMM EBACSO.
   580 | D:1      | 580 ||| DRINKING 2 green potions.
   581 | D:1      | 581 ||| DROPPING scroll of butterflies.
   582 | D:1      | 582 ||| DROPPING scroll of vulnerability.
   814 | D:2      | Reached skill level 1 in Armour
  1316 | D:2      | 1316 ||| UPGRADING to +1 pair of boots.
  1326 | D:2      | 1326 ||| DROPPING +0 pair of boots.
  1327 | D:2      | 1327 ||| READING scroll labelled HEJEMU ATUGH.
  1330 | D:2      | 1330 ||| READING 3 scrolls labelled NIDDUH MOO.
  1331 | D:2      | 1331 ||| DRINKING 4 yellow potions.
  1332 | D:2      | 1332 ||| DROPPING 2 scrolls of fog.
  1479 | D:3      | Reached skill level 6 in Ranged Weapons
  1479 | D:3      | Reached XP level 4. HP: 25/38 MP: 3/3
  1486 | D:3      | 1486 ||| DRINKING potion of curing.
  1486 | D:3      | 1486 ||| (to cure confusion)
  1610 | D:3      | Reached XP level 5. HP: 46/46 MP: 4/4
  1844 | D:3      | Noticed a phantom
  1849 | D:3      | Killed a phantom
  2072 | D:3      | 2072 ||| READING 3 scrolls labelled QIOWAA SUAP.
  2073 | D:3      | 2073 ||| READING 3 scrolls of identify.
  2073 | D:3      | 2073 ||| IDENTIFYING glowing green potion
  2074 | D:3      | 2074 ||| READING 2 scrolls of identify.
  2074 | D:3      | 2074 ||| IDENTIFYING fuming grey potion
  2075 | D:3      | 2075 ||| DROPPING potion of lignification.
  2076 | D:3      | 2076 ||| DROPPING 2 scrolls of poison.
  2077 | D:3      | 2077 ||| DROPPING potion of degeneration.
  2079 | D:3      | 2079 ||| Stepping ~*~*~tactically~*~*~ (cloud).
  2210 | D:4      | 2210 ||| STAIRDANCE
  2213 | D:3      | Reached skill level 7 in Ranged Weapons
  2301 | D:4      | Reached XP level 6. HP: 38/52 MP: 5/5
  2372 | D:4      | Noticed Robin
  2385 | D:4      | Killed Robin
  2426 | D:4      | Found a runed translucent door.
  2427 | D:4      | Noticed Crazy Yiuf
  2507 | D:4      | Found a staircase to the Ecumenical Temple.
  2508 | D:4      | 2508 ||| PLANNING TEMPLE
  2508 | D:4      | 2508 ||| READING scroll labelled QEZOCKAELL.
  2509 | D:4      | 2509 ||| READING scroll labelled XISSYG TUNLUCK.
  2533 | Temple   | Entered the Ecumenical Temple
  2541 | Temple   | 2541 ||| PLANNING OKAWARU WORSHIP
  2606 | Temple   | Became a worshipper of Warmaster Okawaru
  2606 | Temple   | 2606 ||| PLANNING D:1-11
  2686 | D:4      | Reached skill level 8 in Ranged Weapons
  2938 | D:4      | Reached skill level 3 in Dodging
  2938 | D:4      | Reached XP level 7. HP: 19/61 MP: 6/6
  2938 | D:4      | HP: 15/61 [hound (4)]
  2939 | D:4      | 2939 ||| READING scroll of teleportation.
  2940 | D:4      | 2940 ||| DRINKING potion of heal wounds.
  3182 | D:4      | 3182 ||| READING 2 scrolls of identify.
  3182 | D:4      | 3182 ||| IDENTIFYING sapphire potion
  3183 | D:4      | 3183 ||| DROPPING potion of brilliance.
  3218 | D:5      | Entered Level 5 of the Dungeon
  3218 | D:5      | Noticed a steam dragon
  3225 | D:5      | 3225 ||| STAIRDANCE
  3228 | D:4      | Reached * piety under Okawaru
  3229 | D:4      | 3229 ||| INVOKING Heroism.
  3236 | D:4      | Killed a steam dragon
  3237 | D:4      | Reached skill level 9 in Ranged Weapons
  3493 | D:5      | 3493 ||| INVOKING Heroism.
  3497 | D:5      | Reached skill level 1 in Invocations
  3590 | D:5      | Identified the +12 mace "Killer Bee's Curse" {spect, Dex+7}
  3683 | D:5      | 3683 ||| INVOKING Heroism.
  3743 | D:5      | 3743 ||| INVOKING Heroism.
  3751 | D:5      | Reached skill level 6 in Fighting
  3751 | D:5      | Reached XP level 8. HP: 70/70 MP: 5/8
  3896 | D:5      | Identified the +5 spear "Barod" {antimagic, rN+}
  3975 | D:5      | 3975 ||| INVOKING Heroism.
  4103 | D:5      | Reached skill level 3 in Invocations
  4201 | D:5      | 4201 ||| INVOKING Heroism.
  4573 | D:5      | 4573 ||| READING scroll labelled AQEHIFFUISS.
  4573 | D:5      | Identified a scroll of acquirement
  4573 | D:5      | 4573 ||| ACQUIRING 790 gold pieces
  4573 | D:5      | Acquired 790 gold pieces
  4595 | D:6      | 4595 ||| INVOKING Heroism.
  4598 | D:6      | 4598 ||| Stepping ~*~*~tactically~*~*~ (outnumbered).
  4891 | D:6      | 4891 ||| INVOKING Heroism.
  4987 | D:6      | Reached skill level 10 in Ranged Weapons
  5014 | D:6      | 5014 ||| INVOKING Heroism.
  5030 | D:6      | Reached skill level 3 in Armour
  5040 | D:6      | 5040 ||| FLEEEEING.
  5046 | D:6      | 5046 ||| STAIRDANCE
  5154 | D:5      | 5154 ||| UPGRADING to ring of willpower.
  5155 | D:5      | 5155 ||| READING scroll labelled UMYROESTRYSIT.
  5156 | D:5      | 5156 ||| READING scroll labelled ENTERU WARIGUJYMAI.
  5157 | D:5      | 5157 ||| DRINKING 2 bubbling green potions.
  5158 | D:5      | 5158 ||| DROPPING potion of invisibility.
  5169 | D:6      | 5169 ||| STAIRDANCE
  5172 | D:5      | 5172 ||| INVOKING Heroism.
  5295 | D:6      | 5295 ||| INVOKING Heroism.
  5296 | D:6      | 5296 ||| Stepping ~*~*~tactically~*~*~ (outnumbered).
  5475 | D:7      | 5475 ||| INVOKING Heroism.
  5476 | D:7      | Reached XP level 9. HP: 79/79 MP: 8/11
  5486 | D:7      | 5486 ||| Stepping ~*~*~tactically~*~*~ (outnumbered).
  5492 | D:7      | 5492 ||| INVOKING Heroism.
  5536 | D:7      | 5536 ||| INVOKING Heroism.
  5559 | D:7      | 5559 ||| FLEEEEING.
  5560 | D:7      | 5560 ||| FLEEEEING.
  5562 | D:7      | 5562 ||| FLEEEEING.
  5563 | D:7      | 5563 ||| FLEEEEING.
  5564 | D:7      | 5564 ||| FLEEEEING.
  5565 | D:7      | 5565 ||| FLEEEEING.
  5575 | D:7      | HP: 16/79 [something (29)]
  5576 | D:7      | 5576 ||| READING scroll of teleportation.
  5577 | D:7      | 5577 ||| DRINKING potion of heal wounds.
  5808 | D:7      | 5808 ||| READING scroll of acquirement.
  5808 | D:7      | 5808 ||| ACQUIRING +5 ring of evasion
  5808 | D:7      | Acquired a +5 ring of evasion
  5810 | D:7      | 5810 ||| UPGRADING to +5 ring of evasion.
  5861 | D:7      | Reached skill level 11 in Ranged Weapons
  6167 | D:7      | 6167 ||| INVOKING Heroism.
  6172 | D:7      | Reached skill level 12 in Ranged Weapons
  6332 | D:7      | 6332 ||| READING 2 scrolls of identify.
  6332 | D:7      | 6332 ||| IDENTIFYING fizzy brown potion
  6420 | D:8      | 6420 ||| INVOKING Heroism.
  6605 | D:8      | 6605 ||| INVOKING Heroism.
  6610 | D:8      | Reached skill level 6 in Dodging
  6613 | D:8      | HP: 20/82 [poisoned by a hornet]
  6669 | D:8      | 6669 ||| INVOKING Heroism.
  6675 | D:8      | Reached XP level 10. HP: 42/90 MP: 9/12
  6814 | D:8      | Found Vonuqos's Magic Scroll Boutique.
  6835 | D:8      | 6835 ||| BUYING scroll of enchant armour (90 gold).
  6835 | D:8      | Bought a scroll of enchant armour for 90 gold pieces
  6835 | D:8      | 6835 ||| BUYING scroll of identify (24 gold).
  6835 | D:8      | Bought a scroll of identify for 24 gold pieces
  6835 | D:8      | 6835 ||| BUYING scroll of teleportation (36 gold).
  6835 | D:8      | Bought a scroll of teleportation for 36 gold pieces
  6835 | D:8      | 6835 ||| BUYING scroll of teleportation (36 gold).
  6835 | D:8      | Bought a scroll of teleportation for 36 gold pieces
  6835 | D:8      | 6835 ||| BUYING scroll of teleportation (36 gold).
  6835 | D:8      | Bought a scroll of teleportation for 36 gold pieces
  6835 | D:8      | 6835 ||| READING 2 scrolls of enchant armour.
  6835 | D:8      | 6835 ||| ENCHANTING +0 pair of gloves.
  6836 | D:8      | 6836 ||| READING scroll of enchant armour.
  6836 | D:8      | 6836 ||| ENCHANTING +1 pair of gloves.
  6890 | D:8      | 6890 ||| INVOKING Heroism.
  6918 | D:8      | Found a flagged portal.
  7106 | D:8      | 7106 ||| DRINKING 2 pink potions.
  7107 | D:8      | 7107 ||| READING 4 scrolls of identify.
  7107 | D:8      | 7107 ||| IDENTIFYING glowing cyan potion
  7108 | D:8      | 7108 ||| READING 3 scrolls of identify.
  7108 | D:8      | 7108 ||| IDENTIFYING ruby potion
  7109 | D:8      | 7109 ||| READING 2 scrolls of identify.
  7109 | D:8      | 7109 ||| IDENTIFYING fuming golden potion
  7110 | D:8      | 7110 ||| DROPPING potion of ambrosia.
  7111 | D:8      | 7111 ||| DROPPING potion of attraction.
  7205 | D:9      | 7205 ||| INVOKING Heroism.
  7465 | D:9      | 7465 ||| FLEEEEING.
  7466 | D:9      | 7466 ||| FLEEEEING.
  7475 | D:9      | 7475 ||| INVOKING Heroism.
  7497 | D:9      | 7497 ||| INVOKING Heroism.
  7649 | D:9      | 7649 ||| SWAPPING to +0 orcbow.
  7650 | D:9      | 7650 ||| DROPPING +0 shortbow.
  7931 | D:9      | Found Varafe's Self-Improvement Boutique.
  8106 | D:9      | 8106 ||| UPGRADING to +0 steam dragon scales.
  8116 | D:9      | 8116 ||| DROPPING +0 leather armour.
  8117 | D:9      | 8117 ||| UPGRADING to amulet of faith.
  8122 | D:9      | 8122 ||| READING 2 scrolls of identify.
  8122 | D:9      | 8122 ||| IDENTIFYING blue potion
  8137 | D:10     | Entered Level 10 of the Dungeon
  8157 | D:10     | Reached skill level 13 in Ranged Weapons
  8352 | D:10     | Found a staircase to the Orcish Mines.
  8406 | D:10     | Noticed an oklob plant
  8407 | D:10     | 8407 ||| INVOKING Heroism.
  8410 | D:10     | Found a staircase to the Lair.
  8425 | D:10     | Killed an oklob plant
  8426 | D:10     | Reached skill level 9 in Fighting
  8439 | D:10     | 8439 ||| INVOKING Heroism.
  8473 | D:10     | Noticed a two-headed ogre
  8474 | D:10     | 8474 ||| INVOKING Heroism.
  8491 | D:10     | Killed a two-headed ogre
  8566 | D:10     | Found a snail-covered altar of Cheibriados.
  8567 | D:10     | 8567 ||| INVOKING Heroism.
  8574 | D:10     | Reached skill level 14 in Ranged Weapons
  8575 | D:10     | HP: 19/91 [acid dragon (11)]
  8576 | D:10     | 8576 ||| READING 6 scrolls of teleportation.
  8866 | D:10     | Noticed a two-headed ogre
  8869 | D:10     | 8869 ||| INVOKING Heroism.
  8879 | D:10     | Killed a two-headed ogre
  9236 | D:10     | 9236 ||| PLANNING LAIR
  9236 | D:10     | 9236 ||| UPGRADING to +0 troll leather armour.
  9246 | D:10     | 9246 ||| DROPPING +0 steam dragon scales.
  9247 | D:10     | 9247 ||| DROPPING ring of wizardry.
  9265 | Lair:1   | Entered Level 1 of the Lair of Beasts
  9265 | Lair:1   | Noticed a cane toad
  9266 | Lair:1   | 9266 ||| INVOKING Heroism.
  9282 | Lair:1   | Killed a cane toad
  9282 | Lair:1   | Reached ** piety under Okawaru
  9283 | Lair:1   | Reached XP level 11. HP: 91/99 MP: 11/13
  9288 | Lair:1   | 9288 ||| STAIRDANCE
  9362 | Lair:1   | 9362 ||| INVOKING Heroism.
  9430 | Lair:1   | 9430 ||| INVOKING Heroism.
  9465 | Lair:1   | 9465 ||| INVOKING Heroism.
  9474 | Lair:1   | 9474 ||| DRINKING potion of cancellation.
  9554 | Lair:1   | Noticed a deep troll
  9555 | Lair:1   | 9555 ||| INVOKING Heroism.
  9566 | Lair:1   | Killed a deep troll
  9567 | Lair:1   | Reached skill level 15 in Ranged Weapons
  9771 | Lair:1   | 9771 ||| INVOKING Heroism.
  9794 | Lair:1   | Identified the +7 battleaxe of Chance {heavy, Str+4 Int+4}
 10153 | Lair:1   | 10153 ||| READING 2 scrolls of identify.
 10153 | Lair:1   | 10153 ||| IDENTIFYING glowing ruby potion
 10236 | Lair:2   | Reached *** piety under Okawaru
 10261 | Lair:2   | Noticed Amaemon
 10262 | Lair:2   | 10262 ||| INVOKING Heroism.
 10283 | Lair:2   | HP: 22/99 [poisoned by Amaemon]
 10284 | Lair:2   | 10284 ||| READING 5 scrolls of teleportation.
 10285 | Lair:2   | 10285 ||| DRINKING potion of heal wounds.
 10288 | Lair:2   | 10288 ||| DRINKING 2 potions of curing.
 10288 | Lair:2   | 10288 ||| (to cure poison)
 10406 | Lair:2   | 10406 ||| INVOKING Heroism.
 10450 | Lair:2   | 10450 ||| INVOKING Heroism.
 10553 | Lair:2   | 10553 ||| INVOKING Heroism.
 10556 | Lair:2   | Reached skill level 16 in Ranged Weapons
 10599 | Lair:2   | 10599 ||| INVOKING Heroism.
 10613 | Lair:2   | Killed Amaemon
 10686 | Lair:2   | 10686 ||| INVOKING Heroism.
 10782 | Lair:2   | Noticed a six-headed hydra
 10783 | Lair:2   | 10783 ||| INVOKING Heroism.
 10790 | Lair:2   | Killed a six-headed hydra
 10808 | Lair:2   | 10808 ||| INVOKING Heroism.
 11157 | Lair:2   | 11157 ||| FLEEEEING.
 11159 | Lair:2   | 11159 ||| FLEEEEING.
 11161 | Lair:2   | 11161 ||| FLEEEEING.
 11163 | Lair:2   | 11163 ||| INVOKING Heroism.
 11175 | Lair:2   | Reached **** piety under Okawaru
 11311 | Lair:2   | 11311 ||| READING scroll labelled VAFARIDAVU.
 11341 | Lair:3   | 11341 ||| INVOKING Heroism.
 11351 | Lair:3   | Reached XP level 12. HP: 110/110 MP: 12/14
 11362 | Lair:3   | Reached skill level 9 in Dodging
 11459 | Lair:3   | Found a staircase to the Swamp.
 11463 | Lair:3   | 11463 ||| FLEEEEING.
 11494 | Lair:3   | Noticed a death yak
 11494 | Lair:3   | Noticed a death yak
 11494 | Lair:3   | Noticed a death yak
 11494 | Lair:3   | Noticed a death yak
 11495 | Lair:3   | 11495 ||| INVOKING Heroism.
 11497 | Lair:3   | Noticed a death yak
 11499 | Lair:3   | Noticed a death yak
 11507 | Lair:3   | Killed a death yak
 11516 | Lair:3   | HP: 18/110 [death yak (17)]
 11517 | Lair:3   | 11517 ||| READING 6 scrolls of teleportation.
 11517 | Lair:3   | HP: 6/110 [death yak (5)]
 11518 | Lair:3   | Slain by a death yak

Levels and vault maps discovered:
D:1:      beargit_arrival_diablo_church, layout_rooms,
          ebering_ecumenical_altar_box
D:2:      layout_loops_cross, chequers_serial_rivers_room_a
D:3:      layout_basic, palyth_stone_intersect
D:4:      layout_cave_pools, temple_doors_cd, serial_demonic, serial_demonic_b,
          serial_demonic_g, serial_demonic_f, serial_demonic_e, minmay_unequal,
          uniq_robin, uniq_crazy_yiuf_cottage
D:5:      layout_loops_corners, grunt_ministairs_9
D:6:      minmay_evil_eye, layout_cave_pools, minmay_misc_feat_doors
D:7:      layout_cave_pools, kennysheep_opposing_triangles
D:8:      layout_rooms, serial_shops, shop_coins, enter_bailey_2
D:9:      layout_irregular_city, nicolae_shop_self_help
D:10:     layout_layer_cave, mainiacjoe_overflow_alcove_4, dpeg_oklobed_lair,
          orc_0_dummy
Temple:   grunt_wide_crystal_templ
Lair:1:   dreamdust_cave_troll, layout_regular_city, evilmike_ambush
          [evilmike_ambush_outer_pillars, evilmike_ambush_inner_basic]
Lair:2:   layout_cave_pods, uniq_amaemon
Lair:3:   layout_chaotic_city, skrybe_swamp_entry_bodies, dummy_snake_entry,
          beast_lair_carwin_10

Skill      XL: |  1  2  3  4  5  6  7  8  9 10 11 12 |
---------------+-------------------------------------+-----
Ranged Weapons | 5 6 7 8 9 10 12 14 16 | 16.0
Fighting       | 3 4 5 6 7 8 10 11 | 11.6
Armour         | 1 3 4 5 |  5.1
Dodging        | 3 4 6 7 8 9 |  9.0
Invocations    | 2 4 5 |  5.7
Stealth        | |  0.7

Action                     |  1- 3 |  4- 6 |  7- 9 | 10-12 || total
---------------------------+-------+-------+-------+-------++-------
   Fire: Shortbow          |   147 |   148 |   455 |    77 ||   827
         Orcbow            |       |       |       |   435 ||   435
 Invoke: Heroism           |       |       |    18 |    26 ||    44
    Use: Scroll            |     5 |     5 |     8 |    11 ||    29
         Potion            |     2 |     1 |     3 |     4 ||    10
 Armour: Leather armour    |    18 |    42 |    49 |     8 ||   117
         Troll leather arm |       |       |       |    31 ||    31
         Steam dragon scal |       |       |       |     5 ||     5
  Dodge: Dodged            |    48 |    62 |   214 |   263 ||   587

Table legend:
 A = Non-vault XP
 B = Vault XP
 C = Vault XP percentage of total XP
 D = Non-vault monster count
 E = Vault monster count
 F = Vault count percentage of total count
                 A         B        C        D         E       F
            +---------+---------+-------+---------+---------+-------
      Total |   19422 |    6197 |  24.2 |     224 |      41 |  15.5
            +---------+---------+-------+---------+---------+-------
        D:1 |      49 |       0 |   0.0 |      30 |       0 |   0.0
        D:2 |      23 |       0 |   0.0 |      15 |       0 |   0.0
        D:3 |     288 |       0 |   0.0 |      17 |       0 |   0.0
        D:4 |     435 |     311 |  41.7 |      17 |      20 |  54.1
        D:5 |     825 |       0 |   0.0 |      19 |       0 |   0.0
        D:6 |     449 |     194 |  30.2 |      17 |       5 |  22.7
        D:7 |    1315 |     524 |  28.5 |      26 |       4 |  13.3
        D:8 |    1403 |       0 |   0.0 |      17 |       0 |   0.0
        D:9 |     827 |       0 |   0.0 |      17 |       0 |   0.0
       D:10 |    3382 |     542 |  13.8 |      13 |       1 |   7.1
     Lair:1 |    2304 |    2084 |  47.5 |       8 |       7 |  46.7
     Lair:2 |    5677 |    1196 |  17.4 |      20 |       2 |   9.1
     Lair:3 |    2445 |    1346 |  35.5 |       8 |       2 |  20.0
            +---------+---------+-------+---------+---------+-------
